Nordiques vs Canucks

Created - 22 novembre 2019 at 19:55

Goals
1 2 3 T
Nordiques 0 1 1 2
Canucks 2 3 0 5
Shots
1 2 3 T
Nordiques 12 13 7 32
Canucks 9 12 16 37

1st period

1. Canucks , Mika Zibanejad 12 (Blake Wheeler 12) at 0:12
2. Canucks , Blake Wheeler 5 (Mika Zibanejad 9) at 15:03

Penalties :
Mathieu Perreault (QUE) for Slashing (Minor) at 11:36

2nd period

3. Nordiques , Jamie Benn 8 (Sebastian Aho 13) at 6:58
4. Canucks , Mika Zibanejad 13 (Blake Wheeler 13, Alex Killorn 5) at 12:56
5. Canucks , Derek Ryan 2 (Alex Tuch 9, Jimmy Vesey 2) at 17:32 (PP)
6. Canucks , Gustav Nyquist 6 (Alex Tuch 10, Alex Killorn 6) at 18:48

Penalties :
Jamie Benn (QUE) for Hooking (Minor) at 16:50

3rd period

7. Nordiques , Jamie Benn 9 (Sebastian Aho 14) at 3:53 (PP)

Penalties :
Mika Zibanejad (VAN) for Roughing (Minor) at 2:24, Ben Lovejoy (QUE) for Hooking (Minor) at 4:31, Chris Bourque (QUE) for Roughing (Minor) at 19:46

Goalie Stats

Roberto Luongo (QUE), 32 saves from 37 shots - (0,865), L, 7-11-1, 60:00 minutes
Ben Bishop (VAN), 30 saves from 32 shots - (0,938), W, 8-7-1, 60:00 minutes

Players Stats for Nordiques

Player Name              G  A  P  +/- PIM S  H  SB GA TA FO     MP     PP MP  PK MP  
------------------------------------------------------------------------------------
Alexander Wennberg       0  0  0   0  0   3  0  1  0  0  0/2    20:02   0:11   2:48 
Ben Lovejoy              0  0  0   0  2   1  1  1  1  1  0/0    26:34   0:47   0:54 
Chris Bourque            0  0  0   0  2   1  0  0  1  0  0/0     6:24   0:00   0:00 
Chris Kunitz             0  0  0   0  0   0  1  0  0  0  0/0     7:14   0:00   0:49 
Connor Brown             0  0  0  -1  0   0  0  1  2  0  0/0    14:12   0:00   1:16 
Evander Kane             0  0  0   0  0   3  5  1  0  0  2/3    17:05   0:11   0:00 
Jamie Benn               2  0  2  -2  2   7  4  1  0  0  0/2    18:31   1:18   0:00 
Luke Glendening          0  0  0   0  0   1  1  1  0  0  14/31  20:02   0:11   2:48 
Marcus Pettersson        0  0  0  -1  0   0  2  1  0  1  0/0    20:01   0:00   2:53 
Mathieu Perreault        0  0  0  -1  2   3  0  0  0  0  1/1    13:00   0:00   0:00 
Morgan Rielly            0  0  0   0  0   1  0  0  0  0  0/0    22:27   0:47   2:00 
Nick Holden              0  0  0  -2  0   2  1  3  0  1  0/0    19:58   0:42   1:47 
Patrick Brown            0  0  0   0  0   0  1  0  0  0  0/0     6:25   0:00   0:00 
Patrick Marleau          0  0  0  -2  0   0  3  0  0  0  0/1    18:32   1:18   0:00 
Paul Carey               0  0  0  -1  0   4  3  0  1  0  4/7    14:12   0:00   1:16 
Sebastian Aho            0  2  2  -2  0   6  2  1  1  1  11/21  19:21   1:18   0:49 
Shayne Gostisbehere      0  0  0  -3  0   0  1  1  0  0  0/0    22:13   0:42   1:07 
Travis Sanheim           0  0  0   0  0   0  0  1  0  0  0/0     8:50   0:00   1:05 

Players Stats for Canucks

Player Name              G  A  P  +/- PIM S  H  SB GA TA FO     MP     PP MP  PK MP  
------------------------------------------------------------------------------------
Alex Killorn             0  2  2   3  0   0  2  1  0  1  0/2    17:54   0:00   1:04 
Alex Tuch                0  2  2   0  0   8  3  0  1  0  1/1    19:45   2:05   0:00 
Blake Wheeler            1  2  3   3  0   1  2  0  0  1  0/0    19:30   2:40   0:00 
Brandon Tanev            0  0  0   0  0   0  0  0  1  1  0/0    10:51   0:08   1:04 
Charlie McAvoy           0  0  0   2  0   2  3  3  0  0  0/0    21:48   3:30   0:00 
Dan Hamhuis              0  0  0   0  0   0  1  0  0  0  0/0    17:26   1:23   0:00 
Darnell Nurse            0  0  0   1  0   1  3  1  0  0  0/0    22:19   3:30   0:00 
Derek Ryan               1  0  1   0  0   3  0  0  0  0  15/31  19:45   2:05   0:00 
Erik Cernak              0  0  0   0  0   2  1  1  0  0  0/0    17:17   1:23   0:00 
Erik Johnson             0  0  0   1  0   1  0  0  0  0  0/0    20:55   0:00   1:29 
Gustav Nyquist           1  0  1   0  0   3  2  1  2  0  0/1    20:16   2:40   0:00 
Jason Dickinson          0  0  0   0  0   3  0  0  0  1  4/4    10:05   0:21   0:00 
Jimmy Vesey              0  1  1   0  0   1  2  0  0  0  0/0    11:33   2:05   0:00 
Jordan Martinook         0  0  0   0  0   0  0  0  0  0  4/8     9:49   0:00   0:25 
Matt Calvert             0  0  0   0  0   3  1  0  0  0  0/0     9:54   0:00   0:25 
Mika Zibanejad           2  1  3   3  2   4  3  2  0  0  12/20  19:16   2:27   0:00 
Oscar Klefbom            0  0  0   2  0   3  0  1  0  1  0/0    20:15   0:00   1:29 
Tom Pyatt                0  0  0   0  0   2  0  1  0  1  0/1     9:52   0:08   0:00 

3 Stars

1 - Mika Zibanejad (VAN)
2 - Blake Wheeler (VAN)
3 - Alex Killorn (VAN)

Power Play

Nordiques - 1 on 1 Attempt(s) - 100,00%
Canucks - 1 on 4 Attempt(s) - 25,00%

Penalty Kill

Nordiques - 3 on 4 Attempt(s) - 75,00% - Score 0 goal in Penalty Kill
Canucks - 0 on 1 Attempt(s) - 0,00% - Score 0 goal in Penalty Kill

Team Stat

Nordiques - Hits : 25 - Faceoff Wins : 32 - Blocked Shots : 13 - Penalty Minutes : 8
Canucks - Hits : 23 - Faceoff Wins : 36 - Blocked Shots : 11 - Penalty Minutes : 2

Official

Referees : Francis Charron and Ghislain Hebert
Linesman : Matt MacPherson and Jonny Murray

Game Notes

Travis Sanheim is injured at 6:48 of 2nd period (Torn Left MCL)

Finance

Level 1 -- Attendance: 6000 (100,00%) -- Ticket Income 570 000 $
Level 2 -- Attendance: 5000 (100,00%) -- Ticket Income 275 000 $
Level 3 -- Attendance: 2000 (100,00%) -- Ticket Income 60 000 $
Level 4 -- Attendance: 4000 (100,00%) -- Ticket Income 80 000 $
Luxury Box -- Attendance: 1000 (100,00%) -- Ticket Income 175 000 $
Game was played at the Green men Ice Stadium.
Total Attendance: 18000 (100,00%)
Total Ticket Income: 1 160 000 $
Other Income: 568 400 $
Total Income: 1 728 400 $

Nordiques

5 vs 5 Forward 
   Center                   Left Wing                Right Wing               Time % Phy DF OF 
 1 Sebastian Aho            Jamie Benn               Patrick Marleau          35     1   1  3  
 2 Luke Glendening          Evander Kane             Alexander Wennberg       30     1   1  3  
 3 Paul Carey               Mathieu Perreault        Connor Brown             25     1   3  1  
 4 Patrick Brown            Chris Kunitz             Chris Bourque            10     1   2  2  

5 vs 5 Defense 
   Defense                  Defense                                           Time % Phy DF OF 
 1 Morgan Rielly            Ben Lovejoy                                       37     1   3  1  
 2 Shayne Gostisbehere      Nick Holden                                       33     1   2  2  
 3 Marcus Pettersson        Travis Sanheim                                    30     1   2  2  
 4 Morgan Rielly            Ben Lovejoy                                       0      1   2  2  

PowerPlay Forward 
   Center                   Left Wing                Right Wing               Time % Phy DF OF 
 1 Sebastian Aho            Jamie Benn               Patrick Marleau          65     1   2  2  
 2 Luke Glendening          Evander Kane             Alexander Wennberg       35     1   2  2  

PowerPlay Defense
   Defense                  Defense                                           Time % Phy DF OF 
 1 Morgan Rielly            Ben Lovejoy                                       50     1   2  2  
 2 Shayne Gostisbehere      Nick Holden                                       50     1   2  2  

Penalty Kill 4 Players Forward 
   Center                   Wing                     Time % Phy DF OF 
 1 Luke Glendening          Alexander Wennberg       60     1   3  1  
 2 Paul Carey               Connor Brown             40     1   3  1  

Penalty Kill 4 Players Defense
   Defense                  Defense                  Time % Phy DF OF 
 1 Marcus Pettersson        Travis Sanheim           50     1   3  1  
 2 Morgan Rielly            Ben Lovejoy              50     1   3  1  

Penalty Kill - 3 Players Forward 
   Forward                                           Time % Phy DF OF 
 1 Luke Glendening                                   60     1   3  1  
 2 Sebastian Aho                                     40     1   3  1  

Penalty Kill - 3 Players Defense
   Defense                  Defense                  Time % Phy DF OF 
 1 Marcus Pettersson        Travis Sanheim           50     1   3  1  
 2 Morgan Rielly            Ben Lovejoy              50     1   3  1  

4 vs 4 Forward 
   Center                   Wing                     Time % Phy DF OF 
 1 Sebastian Aho            Jamie Benn               60     1   2  2  
 2 Luke Glendening          Evander Kane             40     1   1  3  

4 vs 4 Defense
   Defense                  Defense                  Time % Phy DF OF 
 1 Morgan Rielly            Ben Lovejoy              60     1   2  2  
 2 Shayne Gostisbehere      Nick Holden              40     1   2  2  

Last Minutes Offensive
   Center                   Left Wing                Right Wing               Defense                  Defense                  
   Sebastian Aho            Jamie Benn               Patrick Marleau          Morgan Rielly            Ben Lovejoy              

Last Minutes Defensive
   Center                   Left Wing                Right Wing               Defense                  Defense                  
   Sebastian Aho            Jamie Benn               Patrick Marleau          Morgan Rielly            Ben Lovejoy              

Goaltenders
Starting : Roberto Luongo           
Backup : Brad Thiessen            

Extra Forwards
Normal : Evander Kane, Luke Glendening, Alexander Wennberg - PP : Mathieu Perreault, Connor Brown - PK : Sebastian Aho
Extra Defensemen
Normal : Marcus Pettersson, Travis Sanheim, Shayne Gostisbehere - PP : Marcus Pettersson - PK : Nick Holden, Shayne Gostisbehere
Penalty Shots
Sebastian Aho, Jamie Benn, Evander Kane, Patrick Marleau, Luke Glendening
Custom OT Lines Forwards
Sebastian Aho, Jamie Benn, Evander Kane, Patrick Marleau, Luke Glendening, Alexander Wennberg, Mathieu Perreault, Connor Brown, Paul Carey, Chris Kunitz
Custom OT Lines Defensemen
Morgan Rielly, Ben Lovejoy, Shayne Gostisbehere, Nick Holden, Marcus Pettersson

Scratches
Peter Budaj (Healthy)

Canucks

5 vs 5 Forward 
   Center                   Left Wing                Right Wing               Time % Phy DF OF 
 1 Mika Zibanejad           Blake Wheeler            Alex Killorn             33     0   0  5  
 2 Derek Ryan               Gustav Nyquist           Alex Tuch                33     0   0  5  
 3 Jordan Martinook         Jimmy Vesey              Brandon Tanev            17     0   2  1  
 4 Jason Dickinson          Matt Calvert             Tom Pyatt                17     1   4  0  

5 vs 5 Defense 
   Defense                  Defense                                           Time % Phy DF OF 
 1 Darnell Nurse            Erik Johnson                                      36     0   5  0  
 2 Oscar Klefbom            Charlie McAvoy                                    36     0   5  0  
 3 Erik Cernak              Dan Hamhuis                                       28     0   5  0  
 4 Erik Cernak              Dan Hamhuis                                       0      0   5  0  

PowerPlay Forward 
   Center                   Left Wing                Right Wing               Time % Phy DF OF 
 1 Mika Zibanejad           Blake Wheeler            Gustav Nyquist           70     0   0  5  
 2 Derek Ryan               Jimmy Vesey              Alex Tuch                30     0   0  5  

PowerPlay Defense
   Defense                  Defense                                           Time % Phy DF OF 
 1 Darnell Nurse            Charlie McAvoy                                    70     0   0  5  
 2 Erik Cernak              Dan Hamhuis                                       30     0   0  5  

Penalty Kill 4 Players Forward 
   Center                   Wing                     Time % Phy DF OF 
 1 Alex Killorn             Brandon Tanev            50     1   4  0  
 2 Jordan Martinook         Matt Calvert             50     1   4  0  

Penalty Kill 4 Players Defense
   Defense                  Defense                  Time % Phy DF OF 
 1 Oscar Klefbom            Erik Johnson             70     1   4  0  
 2 Erik Cernak              Dan Hamhuis              30     1   4  0  

Penalty Kill - 3 Players Forward 
   Forward                                           Time % Phy DF OF 
 1 Jason Dickinson                                   60     0   5  0  
 2 Alex Killorn                                      40     0   5  0  

Penalty Kill - 3 Players Defense
   Defense                  Defense                  Time % Phy DF OF 
 1 Erik Johnson             Oscar Klefbom            60     0   5  0  
 2 Erik Cernak              Dan Hamhuis              40     0   5  0  

4 vs 4 Forward 
   Center                   Wing                     Time % Phy DF OF 
 1 Mika Zibanejad           Jimmy Vesey              50     1   2  2  
 2 Derek Ryan               Blake Wheeler            50     1   2  2  

4 vs 4 Defense
   Defense                  Defense                  Time % Phy DF OF 
 1 Darnell Nurse            Charlie McAvoy           50     1   2  2  
 2 Erik Johnson             Oscar Klefbom            50     1   2  2  

Last Minutes Offensive
   Center                   Left Wing                Right Wing               Defense                  Defense                  
   Mika Zibanejad           Blake Wheeler            Gustav Nyquist           Charlie McAvoy           Darnell Nurse            

Last Minutes Defensive
   Center                   Left Wing                Right Wing               Defense                  Defense                  
   Mika Zibanejad           Brandon Tanev            Matt Calvert             Erik Cernak              Erik Johnson             

Goaltenders
Starting : Ben Bishop               
Backup : Jordan Binnington        

Extra Forwards
Normal : Jason Dickinson, Jimmy Vesey, Brandon Tanev - PP : Jason Dickinson, Jimmy Vesey - PK : Brandon Tanev
Extra Defensemen
Normal : Erik Cernak, Dan Hamhuis, Erik Johnson - PP : Oscar Klefbom - PK : Charlie McAvoy, Darnell Nurse
Penalty Shots
Mika Zibanejad, Blake Wheeler, Jimmy Vesey, Brandon Tanev, Alex Tuch
Custom OT Lines Forwards
Mika Zibanejad, Blake Wheeler, Derek Ryan, Gustav Nyquist, Alex Tuch, Alex Killorn, Jimmy Vesey, Brandon Tanev, Tom Pyatt, Jordan Martinook
Custom OT Lines Defensemen
Dan Hamhuis, Erik Johnson, Oscar Klefbom, Charlie McAvoy, Erik Cernak

Scratches
Ryan Getzlaf (Right Leg Injury)

% Time on Ice - Nordiques

Lines # - Real PCT - Wanted PCT - Time Play
Normal Forward
1 - 34% - 35% - 18:25
2 - 30% - 30% - 15:52
3 - 24% - 25% - 12:56
4 - 12% - 10% - 6:25
Normal Defense
1 - 37% - 37% - 19:39
2 - 31% - 33% - 16:38
3 - 32% - 30% - 17:21
4 - 0% - 0% - 0:00
PP Forward
1 - 88% - 65% - 1:18
2 - 12% - 35% - 0:11
PP Defense
1 - 53% - 50% - 0:47
2 - 47% - 50% - 0:42
PK Forward
1 - 74% - 60% - 3:37
2 - 26% - 40% - 1:16
PK Defense
1 - 59% - 50% - 2:53
2 - 41% - 50% - 2:00
PK3 Forward
1 - 0% - 60%
2 - 0% - 40%
PK3 Defense
1 - 0% - 50%
2 - 0% - 50%
44 Forward
1 - 0% - 60%
2 - 0% - 40%
44 Defense
1 - 0% - 60%
2 - 0% - 40%
Last Minute Offensive  - 0:00
Last Minute Defensive  - 0:00
Total
Forward - 60:00
Defense - 60:00

% Time on Ice - Canucks

Lines # - Real PCT - Wanted PCT - Time Play
Normal Forward
1 - 32% - 33% - 17:05
2 - 33% - 33% - 17:40
3 - 18% - 17% - 9:24
4 - 18% - 17% - 9:29
Normal Defense
1 - 35% - 36% - 18:58
2 - 36% - 36% - 19:05
3 - 27% - 28% - 14:38
4 - 2% - 0% - 0:57
PP Forward
1 - 57% - 70% - 2:48
2 - 43% - 30% - 2:05
PP Defense
1 - 72% - 70% - 3:30
2 - 28% - 30% - 1:23
PK Forward
1 - 72% - 50% - 1:04
2 - 28% - 50% - 0:25
PK Defense
1 - 100% - 70% - 1:29
2 - 0% - 30% - 0:00
PK3 Forward
1 - 0% - 60%
2 - 0% - 40%
PK3 Defense
1 - 0% - 60%
2 - 0% - 40%
44 Forward
1 - 0% - 50%
2 - 0% - 50%
44 Defense
1 - 0% - 50%
2 - 0% - 50%
Last Minute Offensive  - 0:00
Last Minute Defensive  - 0:00
Total
Forward - 60:00
Defense - 60:00

Play-by-Play

1st period


0:01 of 1st period - Sebastian Aho wins face-off versus Mika Zibanejad in neutral zone.
0:12 of 1st period - Snap shot by Mika Zibanejad.
0:12 of 1st period - Goal by Mika Zibanejad - Nordiques : 0 - Canucks : 1.
0:13 of 1st period - Luke Glendening wins face-off versus Derek Ryan in neutral zone.
0:26 of 1st period - Snap shot by Evander Kane.
0:26 of 1st period - Stopped by Ben Bishop without a rebound.
0:27 of 1st period - Jordan Martinook wins face-off versus Paul Carey in Canucks zone.
0:47 of 1st period - Connor Brown is hit by Jimmy Vesey.
1:03 of 1st period - Erik Cernak is hit by Paul Carey.
1:34 of 1st period - Wrist shot by Paul Carey.
1:34 of 1st period - Stopped by Ben Bishop without a rebound.
1:35 of 1st period - Derek Ryan wins face-off versus Sebastian Aho in Canucks zone.
2:00 of 1st period - Matt Calvert is hit by Evander Kane and loses puck.
2:31 of 1st period - Backhand shot by Chris Bourque.
2:31 of 1st period - Shot Misses the Net.
2:35 of 1st period - Slapshot by Chris Bourque.
2:35 of 1st period - Stopped by Ben Bishop with a rebound.
3:09 of 1st period - Snap shot by Jamie Benn.
3:09 of 1st period - Shot Misses the Net.
3:46 of 1st period - Snap shot by Brandon Tanev.
3:46 of 1st period - Shot Misses the Net.
3:48 of 1st period - Backhand shot by Erik Cernak.
3:48 of 1st period - Stopped by Roberto Luongo with a rebound.
3:50 of 1st period - Slapshot by Erik Cernak.
3:50 of 1st period - Shot Misses the Net.
4:26 of 1st period - Darnell Nurse is hit by Jamie Benn and loses puck.
5:20 of 1st period - Snap shot by Sebastian Aho.
5:20 of 1st period - Stopped by Ben Bishop with a rebound.
5:32 of 1st period - Luke Glendening is hit by Alex Killorn and loses puck.
5:40 of 1st period - Icing by Luke Glendening.
5:41 of 1st period - Luke Glendening wins face-off versus Derek Ryan in Nordiques zone.
6:02 of 1st period - Wrist shot by Evander Kane.
6:02 of 1st period - Shot Blocked by Erik Cernak.
6:44 of 1st period - Snap shot by Evander Kane.
6:44 of 1st period - Shot Misses the Net.
6:46 of 1st period - Snap shot by Luke Glendening.
6:46 of 1st period - Stopped by Ben Bishop with a rebound.
6:50 of 1st period - Backhand shot by Evander Kane.
6:50 of 1st period - Shot Blocked by Mika Zibanejad.
6:52 of 1st period - Slapshot by Nick Holden.
6:52 of 1st period - Stopped by Ben Bishop without a rebound.
6:53 of 1st period - Derek Ryan wins face-off versus Sebastian Aho in Canucks zone.
6:53 of 1st period - Derek Ryan is hit by Jamie Benn.
7:31 of 1st period - Slapshot by Brandon Tanev.
7:31 of 1st period - Shot Misses the Net.
7:52 of 1st period - Snap shot by Paul Carey.
7:52 of 1st period - Stopped by Ben Bishop with a rebound.
7:54 of 1st period - Wrist shot by Ben Lovejoy.
7:54 of 1st period - Stopped by Ben Bishop with a rebound.
8:20 of 1st period - Icing by Charlie McAvoy.
8:21 of 1st period - Paul Carey wins face-off versus Derek Ryan in Canucks zone.
8:50 of 1st period - Chris Kunitz is hit by Charlie McAvoy and loses puck.
8:59 of 1st period - Snap shot by Gustav Nyquist.
8:59 of 1st period - Shot Misses the Net.
9:01 of 1st period - Snap shot by Derek Ryan.
9:01 of 1st period - Shot Misses the Net.
9:11 of 1st period - Snap shot by Gustav Nyquist.
9:11 of 1st period - Shot Misses the Net.
9:13 of 1st period - Slapshot by Charlie McAvoy.
9:13 of 1st period - Deflect By Alex Tuch.
9:13 of 1st period - Stopped by Roberto Luongo with a rebound.
9:19 of 1st period - Wrist shot by Alex Tuch.
9:19 of 1st period - Stopped by Roberto Luongo with a rebound.
9:21 of 1st period - Backhand shot by Charlie McAvoy.
9:21 of 1st period - Deflect By Gustav Nyquist.
9:21 of 1st period - Shot Misses the Net.
9:21 of 1st period - Puck is out of play.
9:22 of 1st period - Sebastian Aho wins face-off versus Mika Zibanejad in Nordiques zone.
9:26 of 1st period - Off-side.
9:27 of 1st period - Mika Zibanejad wins face-off versus Sebastian Aho in neutral zone.
9:34 of 1st period - Slapshot by Mika Zibanejad.
9:34 of 1st period - Shot Misses the Net.
9:36 of 1st period - Wrist shot by Mika Zibanejad.
9:36 of 1st period - Shot Blocked by Jamie Benn.
10:26 of 1st period - Ben Lovejoy is hit by Alex Killorn and loses puck.
10:53 of 1st period - Snap shot by Sebastian Aho.
10:53 of 1st period - Stopped by Ben Bishop without a rebound.
10:54 of 1st period - Jason Dickinson wins face-off versus Luke Glendening in Canucks zone.
10:54 of 1st period - Jason Dickinson is hit by Evander Kane.
11:19 of 1st period - Mathieu Perreault is hit by Gustav Nyquist and loses puck.
11:28 of 1st period - Slapshot by Alex Tuch.
11:28 of 1st period - Shot Blocked by Nick Holden.
11:30 of 1st period - Slapshot by Oscar Klefbom.
11:30 of 1st period - Stopped by Roberto Luongo with a rebound.
11:36 of 1st period - Minor Penalty to Mathieu Perreault for Slashing.
11:37 of 1st period - Luke Glendening wins face-off versus Derek Ryan in Nordiques zone.
11:48 of 1st period - Wrist shot by Derek Ryan.
11:48 of 1st period - Deflect By Alex Tuch.
11:48 of 1st period - Shot Misses the Net.
11:48 of 1st period - Puck is out of play.
11:49 of 1st period - Luke Glendening wins face-off versus Mika Zibanejad in Nordiques zone.
12:16 of 1st period - Alexander Wennberg is hit by Darnell Nurse and loses puck.
12:29 of 1st period - Snap shot by Paul Carey.
12:29 of 1st period - Shot Blocked by Mika Zibanejad.
13:36 of 1st period - Penalty to Mathieu Perreault is over, Mathieu Perreault is back on ice.
13:54 of 1st period - Snap shot by Sebastian Aho.
13:54 of 1st period - Stopped by Ben Bishop without a rebound.
13:55 of 1st period - Sebastian Aho wins face-off versus Jordan Martinook in Canucks zone.
14:20 of 1st period - Connor Brown is hit by Matt Calvert and loses puck.
14:29 of 1st period - Snap shot by Jason Dickinson.
14:29 of 1st period - Stopped by Roberto Luongo without a rebound.
14:30 of 1st period - Derek Ryan wins face-off versus Evander Kane in Nordiques zone.
15:03 of 1st period - Wrist shot by Blake Wheeler.
15:03 of 1st period - Goal by Blake Wheeler - Nordiques : 0 - Canucks : 2.
15:04 of 1st period - Derek Ryan wins face-off versus Luke Glendening in neutral zone.
15:09 of 1st period - Snap shot by Alex Tuch.
15:09 of 1st period - Shot Misses the Net.
15:19 of 1st period - Snap shot by Evander Kane.
15:19 of 1st period - Shot Misses the Net.
15:53 of 1st period - Snap shot by Sebastian Aho.
15:53 of 1st period - Stopped by Ben Bishop without a rebound.
15:54 of 1st period - Jordan Martinook wins face-off versus Luke Glendening in Canucks zone.
16:09 of 1st period - Snap shot by Brandon Tanev.
16:09 of 1st period - Shot Misses the Net.
16:43 of 1st period - Wrist shot by Evander Kane.
16:43 of 1st period - Shot Blocked by Charlie McAvoy.
16:45 of 1st period - Wrist shot by Luke Glendening.
16:45 of 1st period - Deflect By Evander Kane.
16:45 of 1st period - Shot Blocked by Charlie McAvoy.
16:45 of 1st period - Puck is out of play.
16:46 of 1st period - Derek Ryan wins face-off versus Sebastian Aho in Canucks zone.
17:13 of 1st period - Ben Lovejoy is hit by Darnell Nurse and loses puck.
17:42 of 1st period - Mika Zibanejad is hit by Patrick Brown and loses puck.
18:43 of 1st period - Slapshot by Matt Calvert.
18:43 of 1st period - Stopped by Roberto Luongo with a rebound.
18:55 of 1st period - Alex Killorn is hit by Ben Lovejoy and loses puck.
19:04 of 1st period - Erik Cernak is hit by Chris Kunitz.
19:13 of 1st period - Icing by Mika Zibanejad.
19:14 of 1st period - Mika Zibanejad wins face-off versus Jamie Benn in Canucks zone.
19:27 of 1st period - Wrist shot by Jamie Benn.
19:27 of 1st period - Stopped by Ben Bishop without a rebound.
19:28 of 1st period - Mika Zibanejad wins face-off versus Luke Glendening in Canucks zone.
19:33 of 1st period - Slapshot by Blake Wheeler.
19:33 of 1st period - Shot Blocked by Evander Kane.
19:35 of 1st period - Slapshot by Oscar Klefbom.
19:35 of 1st period - Stopped by Roberto Luongo with a rebound.
19:37 of 1st period - Wrist shot by Mika Zibanejad.
19:37 of 1st period - Shot Blocked by Luke Glendening.
19:39 of 1st period - Slapshot by Oscar Klefbom.
19:39 of 1st period - Shot Misses the Net.
19:54 of 1st period - Derek Ryan is hit by Sebastian Aho and loses puck.
Goals for this period are 0 for Nordiques vs 2 for Canucks.
Shots for this period are 12 for Nordiques vs 9 for Canucks.

2nd period


0:01 of 2nd period - Sebastian Aho wins face-off versus Derek Ryan in neutral zone.
0:41 of 2nd period - Paul Carey is hit by Mika Zibanejad and loses puck.
1:07 of 2nd period - Snap shot by Blake Wheeler.
1:07 of 2nd period - Shot Misses the Net.
1:32 of 2nd period - Wrist shot by Blake Wheeler.
1:32 of 2nd period - Shot Misses the Net.
1:40 of 2nd period - Wrist shot by Paul Carey.
1:40 of 2nd period - Stopped by Ben Bishop with a rebound.
1:42 of 2nd period - Wrist shot by Paul Carey.
1:42 of 2nd period - Deflect By Mathieu Perreault.
1:42 of 2nd period - Stopped by Ben Bishop with a rebound.
1:44 of 2nd period - Slapshot by Mathieu Perreault.
1:44 of 2nd period - Stopped by Ben Bishop without a rebound.
1:45 of 2nd period - Derek Ryan wins face-off versus Luke Glendening in Canucks zone.
2:05 of 2nd period - Icing by Evander Kane.
2:06 of 2nd period - Jason Dickinson wins face-off versus Luke Glendening in Nordiques zone.
2:26 of 2nd period - Icing by Tom Pyatt.
2:27 of 2nd period - Jason Dickinson wins face-off versus Sebastian Aho in Canucks zone.
2:42 of 2nd period - Snap shot by Jamie Benn.
2:42 of 2nd period - Stopped by Ben Bishop without a rebound.
2:43 of 2nd period - Derek Ryan wins face-off versus Luke Glendening in Canucks zone.
2:48 of 2nd period - Slapshot by Alex Tuch.
2:48 of 2nd period - Stopped by Roberto Luongo with a rebound.
4:23 of 2nd period - Snap shot by Alex Tuch.
4:23 of 2nd period - Stopped by Roberto Luongo without a rebound.
4:24 of 2nd period - Luke Glendening wins face-off versus Jordan Martinook in Nordiques zone.
4:38 of 2nd period - Brandon Tanev is hit by Evander Kane and loses puck.
4:50 of 2nd period - Icing by Dan Hamhuis.
4:51 of 2nd period - Paul Carey wins face-off versus Jordan Martinook in Canucks zone.
5:05 of 2nd period - Icing by Ben Lovejoy.
5:06 of 2nd period - Paul Carey wins face-off versus Derek Ryan in Nordiques zone.
5:06 of 2nd period - Paul Carey is hit by Alex Tuch.
6:08 of 2nd period - Off-side.
6:09 of 2nd period - Jordan Martinook wins face-off versus Alexander Wennberg in neutral zone.
6:12 of 2nd period - Morgan Rielly is hit by Darnell Nurse and loses puck.
6:42 of 2nd period - Snap shot by Gustav Nyquist.
6:42 of 2nd period - Shot Misses the Net.
6:48 of 2nd period - Snap shot by Gustav Nyquist.
6:48 of 2nd period - Shot Blocked by Travis Sanheim.
6:48 of 2nd period - Travis Sanheim from Nordiques is injured at 6:48 of 2nd period (Torn Left MCL).
6:49 of 2nd period - Sebastian Aho wins face-off versus Derek Ryan in Nordiques zone.
6:58 of 2nd period - Slapshot by Jamie Benn.
6:58 of 2nd period - Goal by Jamie Benn - Nordiques : 1 - Canucks : 2.
6:59 of 2nd period - Derek Ryan wins face-off versus Jamie Benn in neutral zone.
7:06 of 2nd period - Snap shot by Gustav Nyquist.
7:06 of 2nd period - Shot Misses the Net.
7:08 of 2nd period - Slapshot by Alex Tuch.
7:08 of 2nd period - Stopped by Roberto Luongo with a rebound.
7:10 of 2nd period - Slapshot by Charlie McAvoy.
7:10 of 2nd period - Deflect By Alex Tuch.
7:10 of 2nd period - Stopped by Roberto Luongo with a rebound.
7:49 of 2nd period - Dan Hamhuis is hit by Paul Carey and loses puck.
8:16 of 2nd period - Ben Lovejoy is hit by Jimmy Vesey and loses puck.
8:27 of 2nd period - Alex Tuch is hit by Patrick Marleau and loses puck.
8:46 of 2nd period - Wrist shot by Alexander Wennberg.
8:46 of 2nd period - Stopped by Ben Bishop with a rebound.
8:54 of 2nd period - Slapshot by Alexander Wennberg.
8:54 of 2nd period - Shot Misses the Net.
8:56 of 2nd period - Slapshot by Ben Lovejoy.
8:56 of 2nd period - Deflect By Evander Kane.
8:56 of 2nd period - Shot Blocked by Alex Killorn.
8:56 of 2nd period - Puck is out of play.
8:57 of 2nd period - Derek Ryan wins face-off versus Sebastian Aho in Canucks zone.
8:57 of 2nd period - Derek Ryan is hit by Jamie Benn.
9:11 of 2nd period - Wrist shot by Alex Tuch.
9:11 of 2nd period - Shot Misses the Net.
9:13 of 2nd period - Slapshot by Oscar Klefbom.
9:13 of 2nd period - Shot Blocked by Shayne Gostisbehere.
10:03 of 2nd period - Snap shot by Jamie Benn.
10:03 of 2nd period - Shot Hit the Post.
10:27 of 2nd period - Snap shot by Matt Calvert.
10:27 of 2nd period - Stopped by Roberto Luongo without a rebound.
10:28 of 2nd period - Mika Zibanejad wins face-off versus Luke Glendening in Nordiques zone.
10:43 of 2nd period - Wrist shot by Luke Glendening.
10:43 of 2nd period - Shot Blocked by Charlie McAvoy.
10:53 of 2nd period - Ben Lovejoy is hit by Gustav Nyquist and loses puck.
10:58 of 2nd period - Wrist shot by Gustav Nyquist.
10:58 of 2nd period - Stopped by Roberto Luongo without a rebound.
10:59 of 2nd period - Paul Carey wins face-off versus Derek Ryan in Nordiques zone.
10:59 of 2nd period - Paul Carey is hit by Alex Tuch.
12:56 of 2nd period - Wrist shot by Mika Zibanejad.
12:56 of 2nd period - Goal by Mika Zibanejad - Nordiques : 1 - Canucks : 3.
12:57 of 2nd period - Mika Zibanejad wins face-off versus Luke Glendening in neutral zone.
14:30 of 2nd period - Slapshot by Charlie McAvoy.
14:30 of 2nd period - Stopped by Roberto Luongo without a rebound.
14:31 of 2nd period - Sebastian Aho wins face-off versus Mika Zibanejad in Nordiques zone.
15:03 of 2nd period - Gustav Nyquist is hit by Evander Kane and loses puck.
15:30 of 2nd period - Connor Brown is hit by Erik Cernak and loses puck.
15:45 of 2nd period - Wrist shot by Mika Zibanejad.
15:45 of 2nd period - Shot Misses the Net.
15:47 of 2nd period - Slapshot by Alex Killorn.
15:47 of 2nd period - Shot Blocked by Connor Brown.
15:49 of 2nd period - Slapshot by Erik Johnson.
15:49 of 2nd period - Stopped by Roberto Luongo with a rebound.
15:51 of 2nd period - Slapshot by Darnell Nurse.
15:51 of 2nd period - Shot Blocked by Ben Lovejoy.
16:03 of 2nd period - Slapshot by Jamie Benn.
16:03 of 2nd period - Shot Blocked by Tom Pyatt.
16:07 of 2nd period - Wrist shot by Jamie Benn.
16:07 of 2nd period - Stopped by Ben Bishop without a rebound.
16:08 of 2nd period - Luke Glendening wins face-off versus Derek Ryan in Canucks zone.
16:19 of 2nd period - Wrist shot by Gustav Nyquist.
16:19 of 2nd period - Shot Misses the Net.
16:35 of 2nd period - Mika Zibanejad is hit by Shayne Gostisbehere and loses puck.
16:50 of 2nd period - Minor Penalty to Jamie Benn for Hooking.
16:51 of 2nd period - Mika Zibanejad wins face-off versus Luke Glendening in Nordiques zone.
16:56 of 2nd period - Wrist shot by Gustav Nyquist.
16:56 of 2nd period - Shot Blocked by Nick Holden.
17:06 of 2nd period - Slapshot by Darnell Nurse.
17:06 of 2nd period - Stopped by Roberto Luongo with a rebound.
17:30 of 2nd period - Snap shot by Alex Tuch.
17:30 of 2nd period - Shot Misses the Net.
17:32 of 2nd period - Snap shot by Derek Ryan.
17:32 of 2nd period - Goal by Derek Ryan - Nordiques : 1 - Canucks : 4.
17:33 of 2nd period - Sebastian Aho wins face-off versus Derek Ryan in neutral zone.
17:44 of 2nd period - Snap shot by Sebastian Aho.
17:44 of 2nd period - Shot Misses the Net.
17:46 of 2nd period - Wrist shot by Jamie Benn.
17:46 of 2nd period - Stopped by Ben Bishop with a rebound.
17:48 of 2nd period - Snap shot by Sebastian Aho.
17:48 of 2nd period - Stopped by Ben Bishop with a rebound.
17:50 of 2nd period - Slapshot by Morgan Rielly.
17:50 of 2nd period - Deflect By Darnell Nurse.
17:50 of 2nd period - Stopped by Ben Bishop without a rebound.
17:51 of 2nd period - Luke Glendening wins face-off versus Mika Zibanejad in Canucks zone.
17:54 of 2nd period - Wrist shot by Alexander Wennberg.
17:54 of 2nd period - Shot Misses the Net.
17:56 of 2nd period - Backhand shot by Alexander Wennberg.
17:56 of 2nd period - Stopped by Ben Bishop without a rebound.
17:57 of 2nd period - Luke Glendening wins face-off versus Mika Zibanejad in Canucks zone.
18:08 of 2nd period - Ben Lovejoy is hit by Blake Wheeler and loses puck.
18:38 of 2nd period - Morgan Rielly is hit by Charlie McAvoy.
18:48 of 2nd period - Snap shot by Gustav Nyquist.
18:48 of 2nd period - Goal by Gustav Nyquist - Nordiques : 1 - Canucks : 5.
18:49 of 2nd period - Luke Glendening wins face-off versus Derek Ryan in neutral zone.
18:52 of 2nd period - Snap shot by Evander Kane.
18:52 of 2nd period - Stopped by Ben Bishop with a rebound.
18:54 of 2nd period - Snap shot by Evander Kane.
18:54 of 2nd period - Stopped by Ben Bishop with a rebound.
19:00 of 2nd period - Snap shot by Alexander Wennberg.
19:00 of 2nd period - Shot Blocked by Gustav Nyquist.
19:19 of 2nd period - Snap shot by Paul Carey.
19:19 of 2nd period - Shot Misses the Net.
Goals for this period are 1 for Nordiques vs 3 for Canucks.
Shots for this period are 13 for Nordiques vs 12 for Canucks.

3rd period


0:01 of 3rd period - Luke Glendening wins face-off versus Derek Ryan in neutral zone.
1:10 of 3rd period - Slapshot by Morgan Rielly.
1:10 of 3rd period - Shot Misses the Net.
1:20 of 3rd period - Slapshot by Darnell Nurse.
1:20 of 3rd period - Deflect By Jason Dickinson.
1:20 of 3rd period - Shot Misses the Net.
1:20 of 3rd period - Puck is out of play.
1:21 of 3rd period - Evander Kane wins face-off versus Derek Ryan in Nordiques zone.
1:26 of 3rd period - Wrist shot by Alexander Wennberg.
1:26 of 3rd period - Stopped by Ben Bishop without a rebound.
1:27 of 3rd period - Luke Glendening wins face-off versus Derek Ryan in Canucks zone.
2:04 of 3rd period - Wrist shot by Jimmy Vesey.
2:04 of 3rd period - Shot Blocked by Nick Holden.
2:17 of 3rd period - Off-side.
2:18 of 3rd period - Sebastian Aho wins face-off versus Mika Zibanejad in neutral zone.
2:24 of 3rd period - Minor Penalty to Mika Zibanejad for Roughing.
2:25 of 3rd period - Sebastian Aho wins face-off versus Alex Killorn in Canucks zone.
2:33 of 3rd period - Wrist shot by Jamie Benn.
2:33 of 3rd period - Shot Misses the Net.
2:35 of 3rd period - Slapshot by Morgan Rielly.
2:35 of 3rd period - Deflect By Jamie Benn.
2:35 of 3rd period - Shot Blocked by Oscar Klefbom.
2:35 of 3rd period - Puck is out of play.
2:36 of 3rd period - Sebastian Aho wins face-off versus Jordan Martinook in Canucks zone.
3:07 of 3rd period - Off-side.
3:08 of 3rd period - Sebastian Aho wins face-off versus Alex Killorn in neutral zone.
3:13 of 3rd period - Wrist shot by Jamie Benn.
3:13 of 3rd period - Shot Misses the Net.
3:15 of 3rd period - Backhand shot by Sebastian Aho.
3:15 of 3rd period - Stopped by Ben Bishop without a rebound.
3:16 of 3rd period - Jordan Martinook wins face-off versus Sebastian Aho in Canucks zone.
3:53 of 3rd period - Wrist shot by Jamie Benn.
3:53 of 3rd period - Goal by Jamie Benn - Nordiques : 2 - Canucks : 5.
3:54 of 3rd period - Derek Ryan wins face-off versus Paul Carey in neutral zone.
4:05 of 3rd period - Wrist shot by Mathieu Perreault.
4:05 of 3rd period - Stopped by Ben Bishop without a rebound.
4:06 of 3rd period - Alex Tuch wins face-off versus Sebastian Aho in Canucks zone.
4:06 of 3rd period - Alex Tuch is hit by Patrick Marleau.
4:22 of 3rd period - Snap shot by Sebastian Aho.
4:22 of 3rd period - Deflect By Patrick Marleau.
4:22 of 3rd period - Shot Blocked by Darnell Nurse.
4:22 of 3rd period - Puck is out of play.
4:23 of 3rd period - Mika Zibanejad wins face-off versus Alexander Wennberg in Canucks zone.
4:31 of 3rd period - Minor Penalty to Ben Lovejoy for Hooking.
4:32 of 3rd period - Mika Zibanejad wins face-off versus Luke Glendening in Nordiques zone.
5:45 of 3rd period - Sebastian Aho is hit by Mika Zibanejad and loses puck.
6:31 of 3rd period - Penalty to Ben Lovejoy is over, Ben Lovejoy is back on ice.
6:40 of 3rd period - Brandon Tanev is hit by Evander Kane.
7:09 of 3rd period - Morgan Rielly is hit by Mika Zibanejad and loses puck.
8:46 of 3rd period - Gustav Nyquist is hit by Marcus Pettersson and loses puck.
9:02 of 3rd period - Icing by Mika Zibanejad.
9:03 of 3rd period - Mika Zibanejad wins face-off versus Patrick Marleau in Canucks zone.
9:03 of 3rd period - Mika Zibanejad is hit by Marcus Pettersson.
9:19 of 3rd period - Wrist shot by Mika Zibanejad.
9:19 of 3rd period - Deflect By Sebastian Aho.
9:19 of 3rd period - Stopped by Roberto Luongo with a rebound.
9:25 of 3rd period - Darnell Nurse is hit by Jamie Benn and loses puck.
9:36 of 3rd period - Wrist shot by Jamie Benn.
9:36 of 3rd period - Shot Misses the Net.
9:38 of 3rd period - Snap shot by Jamie Benn.
9:38 of 3rd period - Stopped by Ben Bishop with a rebound.
9:40 of 3rd period - Slapshot by Nick Holden.
9:40 of 3rd period - Stopped by Ben Bishop without a rebound.
9:41 of 3rd period - Mathieu Perreault wins face-off versus Gustav Nyquist in Canucks zone.
9:54 of 3rd period - Snap shot by Paul Carey.
9:54 of 3rd period - Stopped by Ben Bishop without a rebound.
9:55 of 3rd period - Derek Ryan wins face-off versus Paul Carey in Canucks zone.
10:20 of 3rd period - Snap shot by Alexander Wennberg.
10:20 of 3rd period - Deflect By Evander Kane.
10:20 of 3rd period - Shot Misses the Net.
10:20 of 3rd period - Puck is out of play.
10:21 of 3rd period - Mika Zibanejad wins face-off versus Luke Glendening in Canucks zone.
10:21 of 3rd period - Mika Zibanejad is hit by Luke Glendening.
10:35 of 3rd period - Wrist shot by Blake Wheeler.
10:35 of 3rd period - Shot Misses the Net.
10:37 of 3rd period - Slapshot by Erik Cernak.
10:37 of 3rd period - Deflect By Nick Holden.
10:37 of 3rd period - Stopped by Roberto Luongo with a rebound.
11:13 of 3rd period - Slapshot by Tom Pyatt.
11:13 of 3rd period - Stopped by Roberto Luongo with a rebound.
11:15 of 3rd period - Slapshot by Jason Dickinson.
11:15 of 3rd period - Stopped by Roberto Luongo without a rebound.
11:16 of 3rd period - Luke Glendening wins face-off versus Tom Pyatt in Nordiques zone.
11:18 of 3rd period - Icing by Alexander Wennberg.
11:19 of 3rd period - Derek Ryan wins face-off versus Luke Glendening in Nordiques zone.
11:54 of 3rd period - Darnell Nurse is hit by Paul Carey and loses puck.
12:03 of 3rd period - Morgan Rielly is hit by Blake Wheeler.
12:13 of 3rd period - Wrist shot by Mika Zibanejad.
12:13 of 3rd period - Stopped by Roberto Luongo with a rebound.
12:15 of 3rd period - Slapshot by Erik Johnson.
12:15 of 3rd period - Shot Misses the Net.
12:17 of 3rd period - Slapshot by Erik Johnson.
12:17 of 3rd period - Deflect By Mika Zibanejad.
12:17 of 3rd period - Shot Misses the Net.
12:17 of 3rd period - Puck is out of play.
12:18 of 3rd period - Derek Ryan wins face-off versus Luke Glendening in Nordiques zone.
12:19 of 3rd period - Snap shot by Gustav Nyquist.
12:19 of 3rd period - Stopped by Roberto Luongo without a rebound.
12:20 of 3rd period - Evander Kane wins face-off versus Derek Ryan in Nordiques zone.
12:54 of 3rd period - Brandon Tanev is hit by Patrick Marleau and loses puck.
13:36 of 3rd period - Wrist shot by Matt Calvert.
13:36 of 3rd period - Shot Blocked by Marcus Pettersson.
13:38 of 3rd period - Wrist shot by Tom Pyatt.
13:38 of 3rd period - Stopped by Roberto Luongo with a rebound.
14:01 of 3rd period - Backhand shot by Gustav Nyquist.
14:01 of 3rd period - Shot Misses the Net.
14:22 of 3rd period - Off-side.
14:23 of 3rd period - Luke Glendening wins face-off versus Mika Zibanejad in neutral zone.
14:52 of 3rd period - Snap shot by Alex Tuch.
14:52 of 3rd period - Stopped by Roberto Luongo with a rebound.
14:54 of 3rd period - Slapshot by Darnell Nurse.
14:54 of 3rd period - Shot Blocked by Sebastian Aho.
15:02 of 3rd period - Snap shot by Derek Ryan.
15:02 of 3rd period - Stopped by Roberto Luongo with a rebound.
15:09 of 3rd period - Icing by Shayne Gostisbehere.
15:10 of 3rd period - Jason Dickinson wins face-off versus Sebastian Aho in Nordiques zone.
15:13 of 3rd period - Wrist shot by Matt Calvert.
15:13 of 3rd period - Shot Misses the Net.
15:21 of 3rd period - Snap shot by Charlie McAvoy.
15:21 of 3rd period - Stopped by Roberto Luongo with a rebound.
16:00 of 3rd period - Connor Brown is hit by Dan Hamhuis.
16:26 of 3rd period - Snap shot by Matt Calvert.
16:26 of 3rd period - Stopped by Roberto Luongo without a rebound.
16:27 of 3rd period - Derek Ryan wins face-off versus Luke Glendening in Nordiques zone.
16:32 of 3rd period - Snap shot by Alex Tuch.
16:32 of 3rd period - Shot Blocked by Alexander Wennberg.
16:34 of 3rd period - Slapshot by Oscar Klefbom.
16:34 of 3rd period - Stopped by Roberto Luongo without a rebound.
16:35 of 3rd period - Derek Ryan wins face-off versus Luke Glendening in Nordiques zone.
16:36 of 3rd period - Wrist shot by Alex Tuch.
16:36 of 3rd period - Stopped by Roberto Luongo without a rebound.
16:37 of 3rd period - Luke Glendening wins face-off versus Derek Ryan in Nordiques zone.
16:37 of 3rd period - Luke Glendening is hit by Charlie McAvoy.
16:59 of 3rd period - Alexander Wennberg is hit by Alex Tuch and loses puck.
17:55 of 3rd period - Snap shot by Gustav Nyquist.
17:55 of 3rd period - Shot Misses the Net.
17:57 of 3rd period - Snap shot by Derek Ryan.
17:57 of 3rd period - Stopped by Roberto Luongo with a rebound.
18:04 of 3rd period - Off-side.
18:05 of 3rd period - Mika Zibanejad wins face-off versus Sebastian Aho in neutral zone.
18:37 of 3rd period - Wrist shot by Jimmy Vesey.
18:37 of 3rd period - Stopped by Roberto Luongo with a rebound.
18:58 of 3rd period - Snap shot by Jason Dickinson.
18:58 of 3rd period - Stopped by Roberto Luongo with a rebound.
19:16 of 3rd period - Blake Wheeler is hit by Sebastian Aho and loses puck.
19:34 of 3rd period - Darnell Nurse is hit by Nick Holden and loses puck.
19:46 of 3rd period - Minor Penalty to Chris Bourque for Roughing.
19:47 of 3rd period - Mika Zibanejad wins face-off versus Luke Glendening in Nordiques zone.
Goals for this period are 1 for Nordiques vs 0 for Canucks.
Shots for this period are 7 for Nordiques vs 16 for Canucks. Output by the SimonT Hockey Simulator (STHS) for Eric Tremblay - Original Page W3C HTML5 Valid
Hockey Simulator - Hockey Simulation - Hockey Manager